 Dungeon Crawl Stone Soup version 0.27-a0-1202-ge72e49191c (webtiles) character file.

Game seed: 5216719567057571731

14 openice22 the Chopper (level 2, -2/27 HPs)
             Began as a Deep Dwarf Berserker on June 3, 2021.
             Was a Follower of Trog.
             Slain by a quokka (3 damage)
             ... on level 1 of the Dungeon.
             The game lasted 00:03:21 (451 turns).

openice22 the Chopper (Deep Dwarf Berserker)         Turns: 451, Time: 00:03:22

Health: -2/27      AC:  2    Str: 20    XL:     2   Next: 27%
Magic:  2/2        EV: 12    Int:  7    God:    Trog [*.....]
Gold:   0          SH:  0    Dex: 12    Spells: 1/1 levels left

rFire    . . .     SeeInvis .   a - +0 hand axe
rCold    . . .     Faith    .   (no shield)
rNeg     . . .     Spirit   .   b - +0 animal skin
rPois    .         Reflect  .   (no helmet)
rElec    .         Harm     .   (no cloak)
rCorr    .         Rampage  .   (no gloves)
Will     .....                  (no boots)
Stlth    +.........             (no amulet)
HPRegen  0.00/turn              (no ring)
MPRegen  0.08/turn              (no ring)

@: no status effects
A: damage resistance, heal wounds, sense surroundings 1, no regeneration
a: Heal Wounds, Renounce Religion, Berserk


You were on level 1 of the Dungeon.
You worshipped Trog.
Trog was aware of your devotion.
You visited 1 branch of the dungeon, and saw 1 of its levels.

Inventory:

Hand Weapons
 a - a +0 hand axe (weapon)
 d - a +0 club
 g - a +0 dagger
 h - a +0 short sword
Missiles
 e - 6 stones
Armour
 b - a +0 animal skin (worn)
Potions
 c - a potion of heal wounds {unknown}
 f - a potion of curing {unknown}


   Skills:
 + Level 2.8 Fighting
 + Level 3.8 Axes
 + Level 2.3 Armour
 + Level 2.3 Dodging


You had one spell level left.
You didn't know any spells.
Your spell library was empty.

Dungeon Overview and Level Annotations

Branches:
Dungeon (1/15)

Altars:


Innate Abilities, Weirdness & Mutations

You are resistant to damage.
You can heal yourself by infusing magical energy.
You passively map a small area around you.
You do not regenerate.


Message History

You kill the frilled lizard!
Trog accepts your kill.
You barely miss the kobold.
The kobold hits you with a +0 short sword.
* * * LOW HITPOINT WARNING * * *
The kobold barely misses you.
You see here a jackal corpse.
You closely miss the kobold.
The kobold hits you with a +0 short sword.
You barely miss the kobold.
The kobold hits you with a +0 short sword.
* * * LOW HITPOINT WARNING * * *
The kobold barely misses you.
You closely miss the kobold. The kobold misses you.
You closely miss the kobold.
The kobold hits you with a +0 short sword.
* * * LOW HITPOINT WARNING * * *
You slash the kobold!
You kill the kobold!
Trog accepts your kill.
e - 6 stones (gained 1);
f - a viscous puce potion
Things that are here:
a +0 short sword; a +0 dagger; a kobold corpse
Things that are here:
a +0 short sword; a +0 dagger; a kobold corpse You start waiting.
Done waiting.
g - a +0 dagger;
h - a +0 short sword A quokka comes into view.
Unknown command.
Found a crooked runed staff.
The quokka barely misses you.
An endoplasm comes into view.
The quokka closely misses you.
The quokka twitches its whiskers.
The quokka misses you.
The quokka bites you but does no damage.
Found a stone staircase leading down.
The quokka bites you.
You die...

* * , , ,
, ,
######.#.#
,
#.@...>...
* ,
#r########
#.# * #.#
#.# ** #.#
, #.# ,
#.# * , ,
#.###.###


You could see a quokka.

Vanquished Creatures
  A dart slug (D:1)
  A ball python (D:1)
  A goblin (D:1)
  A hobgoblin (D:1)
  2 jackals (D:1)
  2 kobolds (D:1)
  A frilled lizard (D:1)
  A rat (D:1)
10 creatures vanquished.

Notes
Turn   | Place    | Note
-------+----------+-------------------------------------------
     0 | D:1      | openice22 the Deep Dwarf Berserker began the quest for the
                  | Orb.
     0 | D:1      | Reached XP level 1. HP: 20/20 MP: 1/1
   284 | D:1      | Reached XP level 2. HP: 16/27 MP: 2/2
   298 | D:1      | HP: 1/27 [kobold/+0 short sword (2)]
   451 | D:1      | Slain by a quokka

Illustrated notes

Levels and vault maps discovered:
D:1:      evilmike_arrival_crescent, layout_loops_ring,
          hellmonk_ecumenical_altar_lost_god

Action                   || total
-------------------------++-------
Melee: Hand axe          ||    28
Armor: Animal skin       ||     9
Dodge: Dodged            ||    25

Table legend: (Time is in decaauts)
 A = Elapsed time spent in this place.
 B = Non-inter-level travel time spent in this place.
 C = Inter-level travel time spent in this place.
 D = Time resting spent in this place.
 E = Time spent auto-exploring this place.
 F = Levels seen in this place.
 G = Mean time per level.
                   A        B        C        D        E       F      G
               +--------+--------+--------+--------+--------+-----+--------+
         Total |    454 |    454 |      0 |    300 |     56 |   1 |  454.0 |
       Dungeon |    454 |    454 |      0 |    300 |     56 |   1 |  454.0 |
               +--------+--------+--------+--------+--------+-----+--------+

Top non-repeatable levels by time:
     D:1: 454 daAuts
